 Dungeon Crawl Stone Soup version 0.25-a0-733-gf7d8cd8a05 (webtiles) character file.

Game seed: 750777357684717061, levelgen mode: deterministic

6785 Lanoc the Whirler (level 11, -14/76 HPs)
             Began as a Halfling Wanderer on Apr 9, 2020.
             Was an Elder of Fedhas.
             Demolished by a seven-headed hydra (17 damage)
             ... on level 11 of the Dungeon.
             The game lasted 00:37:27 (11382 turns).

Lanoc the Whirler (Halfling Wanderer)              Turns: 11382, Time: 00:37:27

Health: -14/76     AC:  3    Str: 13    XL:     11   Next: 25%
Magic:  15/17      EV: 13    Int: 11    God:    Fedhas [****..]
Gold:   47         SH:  7    Dex: 17    Spells: 10/10 levels left

rFire    + + .     SeeInvis .   a - +3 dagger
rCold    . . .     Gourm    .   j - +0 buckler
rNeg     . . .     Faith    .   A - +1 robe of Adassa {rElec rF++} (curse)
rPois    .         Spirit   .   (no helmet)
rElec    +         Reflect  .   (no cloak)
rCorr    .         Harm     .   (no gloves)
MR       +....                  (no boots)
Stlth    +++.......             (no amulet)
HPRegen  0.22/turn              t - ring of protection from magic
MPRegen  0.15/turn              (no ring)

@: lethally poisoned (-14 -> -16)
A: small, mutation resistance 1
a: Wall of Briars, Grow Ballistomycete, Overgrow, Renounce Religion


You were on level 11 of the Dungeon.
You worshipped Fedhas.
Fedhas was greatly pleased with you.
You were not hungry.

You visited 2 branches of the dungeon, and saw 11 of its levels.
You also visited: Ossuary and Bailey.

You collected 227 gold pieces.
You spent 180 gold pieces at shops.

Inventory:

Hand Weapons
 a - a +3 dagger (weapon)
 b - a +0 hunting sling
 c - a +0 short sword
Missiles
 e - 5 stones
 g - 62 boomerangs
 l - 15 poisoned darts (quivered)
 n - an atropa-tipped dart
Armour
 j - a +0 buckler (worn)
 A - the cursed +1 robe of Adassa (worn) {rElec rF++}
   (You found it on level 5 of the Dungeon)

   It greatly protects you from fire.
   It insulates you from electricity.
   It has a curse placed upon it.
Jewellery
 t - a ring of protection from magic (left hand)
Wands
 d - a wand of random effects (3)
Scrolls
 y - 4 scrolls of remove curse
Potions
 f - 2 potions of might
 h - 2 potions of brilliance
 k - a potion of lignification
 m - 2 potions of magic
 o - 3 potions of curing
 p - a potion of heal wounds
 w - 4 potions of mutation
Comestibles
 q - 5 chunks of flesh


   Skills:
 + Level 7.7 Fighting
 - Level 2.7 Short Blades
   Level 1.0 Polearms
 - Level 15.0 Slings
 - Level 2.1 Armour
 - Level 6.2 Stealth
 - Level 5.7 Shields
 + Level 8.3 Invocations
 - Level 1.0 Evocations


You had 10 spell levels left.
You didn't know any spells.
Your spell library was empty.

Dungeon Overview and Level Annotations

Branches:
Dungeon (11/15)            Temple (1/1) D:5         Ossuary (visited)
 Bailey (visited)
   Lair: D:8-11         Orc: D:9-12

Altars:
Cheibriados
Elyvilon
Fedhas
Kikubaaqudgha
Nemelex Xobeh
Okawaru
Qazlal
Sif Muna
Xom
Zin
The Shining One

Shops:
D:4 %%!!*   D:10 *

Annotations:
D:2 Sigmund


Innate Abilities, Weirdness & Mutations

You are small and have problems with some larger weapons.
You are somewhat resistant to further mutation.


Message History

The seven-headed hydra bites you. The seven-headed hydra bites you!
You block the seven-headed hydra's attack.
The seven-headed hydra misses you. The seven-headed hydra bites you!
* * * LOW HITPOINT WARNING * * *
Evoke which item? (* to show all) (? for menu, Esc to quit)
Aiming: Random Effects
Press: ? - help, Shift-Dir - straight line, f/p - seven-headed hydra
Aim: a seven-headed hydra (lightly wounded)
The seven-headed hydra seems to speed up.
The seven-headed hydra bites you.
* * * LOW HITPOINT WARNING * * *
The seven-headed hydra bites you.
* * * LOW HITPOINT WARNING * * *
You block the seven-headed hydra's attack.
The seven-headed hydra barely misses you.
The seven-headed hydra bites you!
* * * LOW HITPOINT WARNING * * *
The seven-headed hydra bites you!
You die...
Fedhas appreciates your contribution to the ecosystem.

.........#######.#####....
..........................
.........######..........
###....$.# #..####<.##
######.# #..# #..# #a#
#..# #..# #O# #..# #..#
#D# #..# #..# #@# #..#
#... ### #### ####


You could see a seven-headed hydra, a two-headed ogre and a worker ant.

Vanquished Creatures
  An orc knight (Bailey)
  A wyvern (D:10)
  A floating eye (D:10)
  An ice beast (D:6)
  5 ogres
  2 sky beasts
  2 centaurs
  A bullfrog (D:10)
  A water moccasin zombie (Ossuary)
  A wyvern skeleton (D:9)
  2 scorpions (D:10)
  2 howler monkeys
  5 wights (D:9)
  4 crimson imps
  A jelly (D:10)
  A quasit (D:9)
  2 orc priests
  A bullfrog zombie (D:10)
  An orc wizard (D:6)
  A gnoll shaman (D:5)
  Jessica (D:3)
  Natasha (twice) (D:3)
  An iguana (D:6)
  5 worker ants
  6 big kobold zombies (Ossuary)
  A hound skeleton (D:5)
  2 mummies (Ossuary)
  20 gnolls
  9 adders
  2 shadow imps
  2 oozes
  5 adder zombies
  2 worms
  A dart slug (D:2)
  3 leopard geckos
  14 orcs
  5 giant cockroaches
  9 goblins
  19 hobgoblins
  13 jackals
  4 bats
  8 frilled lizards
  2 gnoll zombies (Ossuary)
  8 hobgoblin zombies (Ossuary)
  20 kobolds
  3 kobold zombies (Ossuary)
  3 leopard gecko skeletons
  4 orc zombies (Ossuary)
  9 rats
219 creatures vanquished.

Vanquished Creatures (others)
  2 oklob plants (D:10)
  2 yaks (D:10)
  A big kobold (D:10)
  A scorpion (D:10)
  3 kobolds (D:10)
  2 bushes (D:10)
  4 plants (D:10)
15 creatures vanquished.

Grand Total: 234 creatures vanquished

Notes
Turn   | Place    | Note
-------+----------+-------------------------------------------
     0 | D:1      | Lanoc the Halfling Wanderer began the quest for the Orb.
     0 | D:1      | Lanoc set off with the following items: a +2 dagger, a
                  | potion of heal wounds, a +0 short sword, a wand of random
                  | effects (15), a +0 robe, a ration
     0 | D:1      | Reached XP level 1. HP: 14/14 MP: 1/1
    92 | D:1      | Reached skill level 1 in Short Blades
    92 | D:1      | Reached XP level 2. HP: 17/19 MP: 2/2
   372 | D:1      | Reached XP level 3. HP: 20/24 MP: 3/3
   729 | D:2      | Reached skill level 5 in Stealth
   979 | D:2      | Reached XP level 4. HP: 23/29 MP: 4/4
   985 | D:2      | HP: 1/29 [worm (10)]
  1389 | D:2      | Noticed Sigmund
  1982 | D:3      | Noticed Jessica
  2001 | D:3      | Killed Jessica
  2001 | D:3      | Reached skill level 1 in Slings
  2001 | D:3      | Reached XP level 5. HP: 24/35 MP: 5/5
  2037 | D:3      | Reached skill level 2 in Slings
  2302 | D:3      | Found a blossoming altar of Fedhas.
  2602 | D:3      | Noticed Natasha
  2613 | D:3      | Killed Natasha
  2620 | D:3      | Noticed Natasha
  2631 | D:3      | Killed Natasha
  2631 | D:3      | Reached skill level 3 in Slings
  2631 | D:3      | Reached XP level 6. HP: 31/41 MP: 6/6
  2675 | D:3      | Found a shimmering altar of Xom.
  2693 | D:3      | Became a worshipper of Fedhas Madash
  2826 | D:3      | Found a sparkling altar of Nemelex Xobeh.
  2847 | D:3      | Found a stormy altar of Qazlal.
  2857 | D:3      | Found an iron altar of Okawaru.
  3034 | D:4      | Found Orufoesm's Distillery.
  3036 | D:4      | Found Reosoerch's Distillery.
  3038 | D:4      | Found Adog's General Store.
  3096 | D:4      | Found a white marble altar of Elyvilon.
  3106 | D:4      | Found Iloesom's Food Boutique.
  3151 | D:4      | Found a sand-covered staircase.
  3221 | D:4      | Reached skill level 4 in Slings
  3401 | Ossuary  | Entered an ossuary
  3595 | Ossuary  | Reached skill level 1 in Shields
  3882 | Ossuary  | Reached * piety under Fedhas
  3882 | Ossuary  | Reached skill level 1 in Invocations
  3930 | Ossuary  | Reached XP level 7. HP: 13/46 MP: 7/7
  4439 | Ossuary  | HP: 2/46 [water moccasin zombie (1)]
  4441 | Ossuary  | Reached skill level 5 in Slings
  4815 | D:4      | Bought a potion of mutation for 80 gold pieces
  4815 | D:4      | Bought a potion of degeneration for 10 gold pieces
  5010 | D:4      | Found Werchet's Food Shoppe.
  5068 | D:4      | Found a glowing silver altar of Zin.
  5068 | D:4      | Noticed an angel
  5091 | D:4      | Bought a potion of might for 48 gold pieces
  5094 | D:5      | Entered Level 5 of the Dungeon
  5098 | D:5      | Got a slimy robe
  5109 | D:5      | Identified the cursed +1 robe of Adassa {rElec rF++} (You
                  | found it on level 5 of the Dungeon)
  5118 | D:5      | Found a glowing golden altar of the Shining One.
  5688 | D:5      | Found a staircase to the Ecumenical Temple.
  5744 | Temple   | Entered the Ecumenical Temple
  6137 | D:6      | Reached skill level 6 in Slings
  6505 | D:6      | Reached ** piety under Fedhas
  6510 | D:6      | HP: 2/46 [ice beast (9)]
  6759 | D:5      | Reached XP level 8. HP: 39/54 MP: 9/9
  7016 | D:5      | Found an ancient bone altar of Kikubaaqudgha.
  7196 | D:5      | Reached skill level 7 in Slings
  7465 | D:5      | Found a shimmering blue altar of Sif Muna.
  8192 | D:6      | HP: 1/54 [ice beast (12)]
  8194 | D:6      | Reached skill level 8 in Slings
  8351 | D:7      | Found a snail-covered altar of Cheibriados.
  8351 | D:7      | Noticed a hippogriff
  8358 | D:7      | You fall into a shaft and drop 2 floors!
  8608 | D:9      | Reached XP level 9. HP: 24/59 MP: 11/11
  8856 | D:9      | Reached skill level 9 in Slings
  8896 | D:9      | HP: 1/59 [howler monkey (2)]
  8926 | D:9      | Reached skill level 5 in Fighting
  8941 | D:9      | Reached *** piety under Fedhas
  9234 | D:10     | Entered Level 10 of the Dungeon
  9234 | D:10     | Found a shimmering altar of Xom.
  9234 | D:10     | Noticed an oklob plant
  9235 | D:10     | Noticed an oklob plant
  9237 | D:10     | Noticed an oklob plant
  9247 | D:10     | Reached skill level 10 in Slings
  9292 | D:10     | Reached skill level 5 in Shields
  9384 | D:10     | Killed an oklob plant
  9396 | D:10     | Killed an oklob plant
  9426 | D:10     | Reached skill level 5 in Invocations
  9460 | D:10     | Found Yfed's Assorted Antiques.
  9470 | D:10     | Bought a scroll labeled XYIRUU MYORUES for 21 gold pieces
  9470 | D:10     | Bought a scroll labeled HAPLAUSOCW for 21 gold pieces
  9507 | D:10     | Found a flagged portal.
  9516 | Bailey   | Entered a bailey
 10172 | Bailey   | Reached **** piety under Fedhas
 10190 | Bailey   | Noticed an orc knight
 10653 | Bailey   | Killed an orc knight
 10653 | Bailey   | Reached skill level 11 in Slings
 10653 | Bailey   | Reached XP level 10. HP: 38/68 MP: 12/14
 11316 | D:10     | Noticed a gargoyle
 11344 | D:11     | Noticed a two-headed ogre
 11363 | D:11     | Noticed a seven-headed hydra
 11374 | D:11     | Reached skill level 15 in Slings
 11374 | D:11     | Reached XP level 11. HP: 76/76 MP: 14/17
 11382 | D:11     | HP: 3/76 [seven-headed hydra (10)]
 11382 | D:11     | Demolished by a seven-headed hydra

Levels and vault maps discovered:
D:1:      dpeg_chamrin_arrival_tetris, layout_basic
D:2:      layout_basic, uniq_sigmund
D:3:      layout_rooms, fedhas_ov_isle_minmay, minmay_overflow_temple_star_quad,
          xom_butterflies, first_ration, minmay_quantized, uniq_jessica,
          uniq_natasha
D:4:      layout_loops_ring, overflow_temple_1_default, zin_angel,
          lightli_ossuary_entry_decrepit_ruins, serial_shops, shop, shop, shop,
          shop, nicolae_shop_trees
D:5:      layout_loops_corners, tso_metal_star, nicolae_overflow_crystal_walls,
          minmay_temple_entry_large_hall, lemuel_blue_sif_altar
D:6:      minmay_general_purpose_star, layout_gridville,
          lemuel_coloured_pillars_altar, nicolae_overflow_hidden_temple,
          uniq_duvessa
D:7:      layout_rooms, slow_altar_2
D:9:      layout_rooms, kennysheep_little_box, serial_shops, shop,
          gammafunk_ghost_grave, special_room [special_room_kobold],
          hex_intersection
D:10:     old_forge, layout_cave_pools, orc_0_dummy, serial_shops,
          nicolae_shop_overgrown_old_shop, enter_bailey_6, basic_altar,
          disabler_island, uniq_josephine, uniq_nergalle
D:11:     layout_small_grid, serial_shops, kennysheep_mini
Temple:   kb_temple_of_zot

Skill      XL: |  1  2  3  4  5  6  7  8  9 10 |
---------------+-------------------------------+-----
Short Blades   | 1 2 |  2.7
Fighting       | 2 3 4 5 7 |  7.7
Stealth        | 5 6 |  6.2
Slings         | 1 3 4 6 8 11 15 | 15.0
Shields        | 1 2 4 5 |  5.7
Invocations    | 1 2 3 5 8 |  8.3
Polearms       | |  1.0
Armour         | |  2.1
Evocations     | |  1.0

Action                   |  1- 3 |  4- 6 |  7- 9 | 10-12 || total
-------------------------+-------+-------+-------+-------++-------
Melee: Dagger            |    86 |    77 |   517 |    23 ||   703
 Fire: Hunting sling     |       |   268 |   414 |     7 ||   689
Throw: Dart              |       |     5 |    26 |    15 ||    46
       Boomerang         |       |       |    34 |       ||    34
Evoke: Wand              |       |       |    16 |     3 ||    19
  Use: Scroll            |       |     6 |    11 |       ||    17
       Potion            |       |     2 |    16 |     4 ||    22
 Stab: Sleeping          |     6 |     3 |     4 |       ||    13
       Distracted        |       |     1 |       |       ||     1
       Invisible         |       |       |     3 |       ||     3
       Confused          |       |       |     1 |       ||     1
       Paralysed         |       |       |     1 |       ||     1
  Eat: Chunk             |       |     7 |    10 |     2 ||    19
       Ration            |       |     1 |     3 |       ||     4
Armor: Robe              |     8 |    10 |    44 |     2 ||    64
       Leather armour    |       |    30 |    12 |       ||    42
       Skin              |       |       |    15 |       ||    15
Dodge: Dodged            |    49 |   109 |   342 |    24 ||   524
Block: Buckler           |       |    16 |   154 |    12 ||   182

Table legend:
 A = Non-vault XP
 B = Vault XP
 C = Vault XP percentage of total XP
 D = Non-vault monster count
 E = Vault monster count
 F = Vault count percentage of total count
                 A         B        C        D         E       F
            +---------+---------+-------+---------+---------+-------
      Total |    3271 |    1607 |  32.9 |     148 |      72 |  32.7
            +---------+---------+-------+---------+---------+-------
        D:1 |      34 |       0 |   0.0 |      22 |       0 |   0.0
        D:2 |      57 |       0 |   0.0 |      18 |       0 |   0.0
        D:3 |     177 |      89 |  33.5 |      31 |       4 |  11.4
        D:4 |      56 |       0 |   0.0 |       6 |       0 |   0.0
        D:5 |     595 |       0 |   0.0 |      19 |       0 |   0.0
        D:6 |     512 |      32 |   5.9 |      13 |       1 |   7.1
        D:9 |     984 |       0 |   0.0 |      24 |       0 |   0.0
       D:10 |     856 |     284 |  24.9 |      15 |       3 |  16.7
    Ossuary |       0 |     307 | 100.0 |       0 |      30 | 100.0
     Bailey |       0 |     895 | 100.0 |       0 |      34 | 100.0
            +---------+---------+-------+---------+---------+-------
